Map: Heavy Artillery LE

Players

Alebay - Winner!

  • Race: Protoss Protoss
  • Spawn Location: 7:00

MattBarry - Winner!

  • Race: Zerg Zerg
  • League: Gold
  • Spawn Location: 7:00

VOD

Have the link to the VOD?

Description

Time

  • Played on: Jan. 27, 2023, 4:55 p.m.
  • Length: 13:06
Show
View Real Time Build Order
Export as new Build Order

Alebay Protoss - Winner!

Build Orders:  

Get SALT Encoding   

  12  0:03  Probe (Chrono Boost)  
  13  0:19  Probe (Chrono Boost)  
  14  0:25  Pylon  
  14  0:36  Probe (Chrono Boost)  
  15  0:53  Forge, Probe (Chrono Boost)  
  17  1:10  Probe (Chrono Boost)  
  17  3:12  Pylon  
  17  3:26  Pylon  
  17  3:39  Photon Cannon  
  17  3:42  Photon Cannon  
  17  3:55  Photon Cannon  
  17  3:57  Photon Cannon  
  17  4:01  Photon Cannon  
  17  4:08  Photon Cannon  
  17  4:14  Photon Cannon  
  17  4:16  Photon Cannon  
  17  4:19  Pylon  
  17  4:27  Photon Cannon  
  17  4:29  Photon Cannon  
  17  4:33  Photon Cannon  
  16  5:12  Gateway  
  16  5:14  Gateway  
  16  5:17  Gateway  
  16  5:36  Gateway  
  16  6:07  Nexus  
  16  6:16  Zealot x3 (Chrono Boost)  
  22  6:39  Pylon  
  22  6:49  Pylon  
  22  6:59  Zealot (Chrono Boost)  
  22  7:09  Zealot x3 (Chrono Boost), Pylon  
  30  7:26  Probe  
  31  7:43  Probe  
  31  7:47  Zealot (Chrono Boost)  
  31  7:49  Probe  
  35  7:59  Zealot x3 (Chrono Boost)  
  41  8:00  Probe  
  41  8:06  Probe  
  43  8:17  Probe  
  44  8:23  Probe  
  44  8:27  Zealot (Chrono Boost)  
  47  8:33  Probe  
  47  8:36  Assimilator  
  47  8:37  Zealot x3 (Chrono Boost)  
  54  8:40  Probe  
  54  8:45  Pylon  
  55  8:55  Pylon  
  57  9:05  Zealot (Chrono Boost)  
  57  9:09  Probe x2  
  61  9:15  Zealot (Chrono Boost)  
  61  9:16  Zealot x2 (Chrono Boost)  
  65  9:21  Pylon  
  65  9:26  Probe x2  
  69  9:42  Zealot (Chrono Boost)  
  71  10:14  Zealot (Chrono Boost)  
  71  10:15  Zealot x2 (Chrono Boost)  
  73  10:20  Zealot (Chrono Boost)  
  71  11:24  Probe x2  
  71  11:26  Zealot x3 (Chrono Boost)  
  71  11:27  Zealot (Chrono Boost)  
  79  11:41  Probe  
  80  12:00  Pylon  
  80  12:02  Pylon  
  80  12:04  Pylon  
Show
View Real Time Build Order
Export as new Build Order

MattBarry Zerg - Winner!

Build Orders:  

Get SALT Encoding   

  12  0:01  Drone  
  13  0:19  Overlord  
  13  0:30  Drone  
  14  0:49  Drone  
  15  0:50  Drone  
  16  1:14  Drone  
  16  1:15  Hatchery  
  16  1:25  Drone x2  
  18  1:31  Extractor  
  17  1:48  Spawning Pool  
  16  1:51  Drone  
  16  1:56  Drone  
  18  2:05  Drone  
  19  2:22  Overlord  
  19  2:35  Drone  
  20  2:57  Queen  
  20  2:59  Drone  
  23  3:14  Queen  
  25  3:20  Zergling x6  
  28  3:39  Zergling x2, Drone  
  30  3:40  Drone  
  30  3:42  Overlord  
  31  3:56  Roach Warren  
  30  4:03  Extractor  
  30  4:05  Drone x3  
  31  4:42  Metabolic Boost  
  29  4:51  Drone  
  29  4:52  Drone x5  
  29  4:53  Drone x2  
  36  5:20  Drone  
  37  5:48  Drone  
  37  5:49  Drone x5  
  43  5:50  Drone  
  43  5:53  Lair  
  43  5:57  Overlord x2  
  44  6:22  Queen  
  46  6:51  Drone x2  
  46  6:53  Overlord  
  46  6:54  Roach x5  
  46  6:55  Roach  
  60  7:01  Evolution Chamber  
  60  7:02  Glial Reconstitution  
  60  7:03  Hatchery, Evolution Chamber  
  57  7:30  Drone x4  
  57  7:31  Drone  
  57  7:32  Drone  
  57  7:39  Zerg Missile Weapons Level 1  
  63  7:41  Zerg Ground Armor Level 1  
  63  8:02  Roach  
  63  8:03  Roach  
  63  8:05  Overlord x2  
  67  8:31  Queen  
  69  8:46  Queen  
  71  8:52  Roach  
  71  8:53  Roach x8  
  71  8:56  Overlord x2  
  71  8:58  Overlord  
  89  9:25  Roach  
  89  9:26  Roach x6  
  89  9:27  Roach x2  
  107  9:34  Overlord x3  
  101  10:13  Roach  
  101  10:14  Roach x9  
  121  10:29  Extractor  
  120  10:30  Extractor  
  119  11:02  Unknown  
  119  11:13  Unknown  
  121  11:25  Roach  
  121  11:28  Overlord  
Tags
 
League
Gold
Matchup
Co-op
Replay Pack
Multiplayer
Add a new tag
Caveats
  • Supply blocks, unpowered buildings, or Contaminate may cause inaccurate times.
  • Supply counts are checked every 10 seconds.